 Dungeon Crawl Stone Soup version 0.29-a0-330-g52719c12eb (webtiles) character file.

Game seed: 6998617773769140380

73683 tilp the Destroyer (level 15, -2/73 HPs)
             Began as a Felid Ice Elementalist on Apr 24, 2022.
             Was a Priest of Vehumet.
             Slain by a black mamba (7 damage)
             ... on level 1 of the Snake Pit.
             The game lasted 01:19:46 (39662 turns).

tilp the Destroyer (Felid Ice Elementalist)        Turns: 39662, Time: 01:19:47

Health: -2/73      AC: 11    Str:  4    XL:     15   Next: 4%
Magic:  28/28      EV: 20    Int: 24    God:    Vehumet [***...]
Gold:   2359       SH:  0    Dex: 17    Spells: 15/31 levels left
                                        Lives:  0   Deaths: 4

rFire   . . .      SeeInvis +     - Unarmed
rCold   + . .      Faith    .   (shield unavailable)
rNeg    . . .      Spirit   .   (body armour unavailable)
rPois   +          Reflect  .   (helmet unavailable)
rElec   .          Harm     .   (cloak unavailable)
rCorr   +          Rampage  .   (gloves unavailable)
Will    ++...                   (boots unavailable)
Stlth   +++++.....              E - amulet of Nudyca {RegenMP +Inv rPois rCorr Slay+3}
HPRegen 0.22/turn               f - +4 ring of protection
MPRegen 0.61/turn               D - +4 ring of protection

@: marked, studying Evocations, quick
A: very small, claws 1, fangs 3, see invisible, speed 1, shaggy fur 3, stealthy
paws, no weapons or thrown items, no armour, multi-lived
a: Renounce Religion, Evoke Invisibility


You were on level 1 of the Snake Pit.
You worshipped Vehumet.
Vehumet was most pleased with you.
You visited 5 branches of the dungeon, and saw 25 of its levels.
You also visited: Trove.

You collected 3048 gold pieces.
You spent 689 gold pieces at shops.

Inventory:

Jewellery
 f - a +4 ring of protection (left paw)
 D - a +4 ring of protection (right paw)
 E - the amulet of Nudyca (around neck) {RegenMP +Inv rPois rCorr Slay+3}
   (You bought it in a shop on level 7 of the Dungeon)

   [amulet of magic regeneration]

   It increases your rate of magic regeneration.
   Slay:      It affects your accuracy & damage with ranged weapons and melee
   (+3).
   rPois:     It protects you from poison.
   +Inv:      It lets you turn invisible.
   rCorr:     It protects you from acid and corrosion.
 F - a ring of magical power
 H - a ring of magical power
 I - a ring of willpower
 N - a ring of flight
 P - a ring of willpower
 Q - a ring of wizardry
 R - a ring of positive energy
 S - an amulet of faith
 T - a +4 ring of evasion
Wands
 h - a wand of acid (12)
 n - a wand of mindburst (5)
 o - a wand of digging (27)
 V - a wand of charming (27)
 W - a wand of flame (14)
 X - a wand of iceblast (15)
 Y - a wand of paralysis (5)
 Z - a wand of polymorph (5)
Scrolls
 i - 2 scrolls of fear
 q - 3 scrolls of summoning
 r - 6 scrolls of fog
 v - a scroll of magic mapping
 w - 2 scrolls of amnesia
 x - 3 scrolls of blinking
 y - 6 scrolls of identify
 z - 5 scrolls of vulnerability
 G - 16 scrolls of teleportation
 L - a scroll of torment
 M - 2 scrolls of immolation
 U - a scroll of silence
Potions
 b - 11 potions of curing
 c - 3 potions of heal wounds
 d - 2 potions of berserk rage
 e - 8 potions of flight
 g - 2 potions of mutation
 j - 7 potions of haste
 l - 3 potions of brilliance
 m - 4 potions of lignification
 t - 2 potions of resistance
 u - 3 potions of invisibility
 A - 3 potions of cancellation
 C - 4 potions of attraction
 K - a potion of ambrosia
 O - a potion of might
Miscellaneous
 a - a condenser vane
 k - a phial of floods
 p - a lightning rod (4/4)
 s - a tin of tremorstones (1/2)
 B - a box of beasts
 J - a phantom mirror


   Skills:
 + Level 13.1 Fighting
 - Level 6.0 Dodging
 - Level 10.0 Stealth
 + Level 8.2 Unarmed Combat
 + Level 8.7 Spellcasting
 * Level 13.8 Conjurations
 - Level 6.0 Translocations
 + Level 11.2 Ice Magic
 - Level 6.0 Earth Magic
 + Level 9.7 Evocations


You had 15 spell levels left.
You knew the following spells:

 Your Spells              Type           Power      Damage    Failure   Level
a - Freeze                Ice            100%       1d11      1%          1
b - Frozen Ramparts       Ice            100%       1d12      1%          3
c - Ozocubu's Armour      Ice            59%        N/A       1%          3
d - Hailstorm             Conj/Ice       63%        3d13      1%          4
e - Stone Arrow           Conj/Erth      100%       3d13      1%          3
f - Blink                 Tloc           78%        N/A       1%          2

Your spell library contained the following spells:

 Spells                   Type           Power      Damage    Failure   Level
 Lightning Bolt           Conj/Air       21%        1d36      2%          5
 Foxfire                  Conj/Fire      100%       2x1d9     1%          1
 Conjure Flame            Conj/Fire      43%        6-21      1%          3
 Gell's Gravitas          Tloc           39%        N/A       1%          3
 Lesser Beckoning         Tloc           39%        N/A       1%          3
 Mephitic Cloud           Conj/Pois/Air  32%        N/A       1%          3
 Teleport Other           Tloc           39%        N/A       1%          3
 Flame Wave               Conj/Fire      43%        2d9       1%          4
 Freezing Cloud           Conj/Ice/Air   25%        6-21      1%          5
 Poisonous Vapours        Pois/Air       20%        N/A       2%          2
 Ignite Poison            Fire/Tmut/Pois 10%        N/A       5%          3
 Inner Flame              Hex/Fire       10%        N/A       5%          3
 Sting                    Tmut/Pois      40%        1d5       6%          1
 Summon Ice Beast         Ice/Summ       37%        N/A       6%          4
 Manifold Assault         Tloc           39%        N/A       14%         5
 Olgreb's Toxic Radiance  Pois           10%        N/A       16%         4
 Leda's Liquefaction      Hex/Erth       12%        N/A       17%         4
 Call Canine Familiar     Summ           10%        N/A       19%         3
 Lehudib's Crystal Spear  Conj/Erth      27%        10d7      82%         8
 Summon Mana Viper        Hex/Summ       10%        N/A       86%         5
 Monstrous Menagerie      Summ           5%         N/A       100%        7
 Portal Projectile        Hex/Tloc       Unusable   N/A       N/A         3
 Animate Armour           Summ/Erth      Unusable   N/A       N/A         4

Dungeon Overview and Level Annotations

Branches:
Dungeon (15/15)            Temple (1/1) D:5            Lair (6/6) D:9
  Swamp (0/4) Lair:2        Snake (1/4) Lair:4        Slime (0/5) Lair:6
    Orc (2/2) D:12            Elf (0/3) Orc:2        Vaults (0/5) D:13
 Depths (0/4) D:15

Altars:
Ashenzari
Cheibriados
Dithmenos
Elyvilon
Fedhas
Gozag
Hepliaklqana
Kikubaaqudgha
Makhleb
Nemelex Xobeh
Okawaru
Qazlal
Ru
Sif Muna
Trog
Uskayaw
Vehumet
Wu Jian
Xom
Yredelemnul
Zin
The Shining One
Beogh

Shops:
D:7 ***[   D:9 ?   D:13 *   Orc:2 =(*[

Portals:
Abyss: D:11

Annotations:
D:11 2 transporters, robertstho's ghost, journeyman DjIE
D:14 2 transporters, Roxanne; Rupert; Sofadowk's ghost, journeyman MiBe; Ubbem's ghost, journeyman TrMo
D:15 Louise


Innate Abilities, Weirdness & Mutations

You have sharp claws.
You have razor-sharp teeth.
You have supernaturally acute eyesight. (SInv)
You cover ground quickly. (Speed+)
Your thick and shaggy fur keeps you warm. (AC +3, rC+)
Your paws help you pounce on unaware monsters.
You are incapable of wielding weapons or throwing items.
You cannot wear armour.
You gain extra lives every three experience levels.


Message History

The shock serpent shoots out a bolt of lightning at you!
The bolt of electricity hits you!
A mana viper comes into view.
The anaconda barely misses you. The anaconda misses you.
A guardian serpent comes into view.
The anaconda grabs you.
The anaconda bites you but does no damage.
The anaconda constricts you.
You escape the anaconda's grasp.
The anaconda attacks as you move away! The anaconda completely misses you.
The anaconda bites you but does no damage.
A black mamba comes into view. x2
The anaconda attacks as you move away! The anaconda barely misses you.
The anaconda bites you but does no damage.
A black mamba comes into view.
The anaconda grabs you. The anaconda bites you. The anaconda constricts you.
* * * LOW HITPOINT WARNING * * *
You escape the anaconda's grasp.
The anaconda attacks as you move away! The anaconda misses you.
The anaconda closely misses you. The anaconda grabs you.
The anaconda bites you!
* * * LOW HITPOINT WARNING * * *
The anaconda constricts you.
* * * LOW HITPOINT WARNING * * *
The anaconda's grasp on you weakens, but your attempt to escape fails.
A black mamba comes into view.
The anaconda closely misses you. The anaconda constricts you.
* * * LOW HITPOINT WARNING * * *
The black mamba bites you!
* * * LOW HITPOINT WARNING * * *
The anaconda bites you but does no damage.
The anaconda constricts you.
* * * LOW HITPOINT WARNING * * *
You escape the anaconda's grasp.
The anaconda attacks as you move away! The anaconda closely misses you.
The anaconda completely misses you.
Unknown command.
Okay, then.
The black mamba attacks as you move away!
The black mamba bites you!
You die...

#.# #.# #.# ####.# #....#
###..### ##### #.....#
#######...# #.#...####
#####....S@...# #.#...#..#
#...#...SS#...###.#...#..#
#...#.....###.........#).##
#...###...# ###...)..#.....
##..# #S### #.....<......
#..###S# #.#..#.......
#..##S.# ####.##.........
##...SS## #....###........
#.S.S..# #....####.......


You could see an anaconda, a shock serpent, a mana viper and 5 black mambas.

Vanquished Creatures
  Saint Roka (Orc:2)
  Jorgrun (Orc:1)
  An orc warlord (Orc:2)
  A stone giant (D:13)
  2 dire elephants
  Josephine (D:15)
  Fannar (Lair:3)
  A rakshasa (D:9)
  8 vault guards (D:13)
  7 boulder beetles
  8 hydras
  A catoblepas (Lair:3)
  A naga warrior (Snake:1)
  4 centaur warriors
  6 two-headed ogres
  Urug (Lair:1)
  4 orc high priests (Orc:2)
  Amaemon (Lair:2)
  5 skeletal warriors
  A naga ritualist (Snake:1)
  A lindwurm (Lair:5)
  4 deep elf pyromancers
  A mana viper (Snake:1)
  4 orc knights
  A salamander (Snake:1)
  3 orc sorcerers (Orc:2)
  2 manticores
  7 cyclopes
  5 ugly things
  7 black mambas
  33 elephants
  An orange demon (Lair:2)
  An unseen horror (D:10)
  12 cane toads
  7 komodo dragons
  2 rime drakes
  5 efreet
  4 yaktaurs (D:15)
  2 tengu conjurers (D:14)
  4 trolls
  5 hornets
  4 polar bears
  11 dream sheep
  16 slime creatures
  12 blink frogs
  Sigmund (D:5)
  2 shadows
  A centaur simulacrum (D:14)
  3 wyverns (Lair:4)
  26 yaks
  12 spriggans
  5 wraiths
  5 basilisks
  A steam dragon (D:5)
  A golden eye (Lair:2)
  A vampire mosquito (D:8)
  A warg (Orc:2)
  Menkaure (D:5)
  An acid dragon (D:12)
  15 water moccasins
  4 nagas (Lair:4)
  46 orc warriors
  4 ice beasts
  A meliai simulacrum (D:15)
  7 black bears
  4 boggarts (Lair:6)
  17 ogres
  22 wolves
  11 centaurs
  2 phantoms
  3 kobold brigands
  12 bullfrogs
  A gnoll sergeant (D:8)
  3 scorpions
  4 wights (D:7)
  3 killer bees (D:11)
  4 electric eels (D:6)
  2 howler monkeys
  7 jellies
  20 orc priests
  4 hounds
  3 iguanas
  Natasha (thrice) (D:2)
  41 orc wizards
  7 hell rats (Lair:4)
  14 gnolls
  9 adders
  A shadow imp (D:8)
  An ufetubus (D:5)
  2 dart slugs (D:4)
  96 orcs
  3 bats
  5 endoplasms
  A giant cockroach (D:3)
  27 goblins
  33 hobgoblins
  7 quokkas
  7 ball pythons
  3 frilled lizards
  23 kobolds
  8 rats
761 creatures vanquished.

Vanquished Creatures (collateral kills)
  A boulder beetle (Lair:6)
  2 orcs (Orc:2)
3 creatures vanquished.

Vanquished Creatures (others)
  A cane toad (Lair:2)
  A bullfrog (Lair:2)
  An orc (D:13)
  A bush (Lair:4)
  4 demonic plants (D:15)
  141 fungi
  121 plants
  8 withered plants (D:11)
278 creatures vanquished.

Grand Total: 1042 creatures vanquished

Notes
Turn   | Place    | Note
-------+----------+-------------------------------------------
     0 | D:1      | tilp the Felid Ice Elementalist began the quest for the
                  | Orb.
     0 | D:1      | Reached XP level 1. HP: 7/7 MP: 4/4
   218 | D:1      | Reached XP level 2. HP: 12/12 MP: 0/6
   788 | D:1      | Reached skill level 1 in Fighting
  1223 | D:2      | Reached XP level 3. HP: 13/15 MP: 5/7
  1227 | D:2      | Learned a level 3 spell: Frozen Ramparts
  1491 | D:2      | Identified the +5 ring mail of the Ward {rN+ Str+5 Dex-2}
  1758 | D:2      | Noticed Natasha
  1765 | D:2      | Killed Natasha
  1766 | D:2      | Reached XP level 4. HP: 19/19 MP: 1/9
  1770 | D:2      | Learned a level 3 spell: Ozocubu's Armour
  1827 | D:2      | Noticed Natasha
  1831 | D:2      | Killed Natasha
  2325 | D:2      | Noticed Natasha
  2330 | D:2      | Killed Natasha
  2331 | D:2      | Reached XP level 5. HP: 16/22 MP: 2/10
  2506 | D:3      | Reached skill level 5 in Ice Magic
  3366 | D:4      | Gained mutation: You are covered in thick fur. (AC +2)
                  | [Felid growth]
  3366 | D:4      | Reached XP level 6. HP: 26/26 MP: 2/11
  4299 | D:4      | Learned a level 2 spell: Blink
  4327 | D:5      | Entered Level 5 of the Dungeon
  4328 | D:5      | Noticed a steam dragon
  4338 | D:5      | Killed a steam dragon
  4339 | D:5      | Reached skill level 1 in Translocations
  4339 | D:5      | Reached skill level 1 in Evocations
  4385 | D:5      | Reached skill level 1 in Unarmed Combat
  4385 | D:5      | Reached XP level 7. HP: 30/30 MP: 1/12
  4900 | D:5      | Found a staircase to the Ecumenical Temple.
  4912 | Temple   | Entered the Ecumenical Temple
  5013 | Temple   | Became a worshipper of Vehumet
  5099 | D:5      | Noticed Menkaure
  5102 | D:5      | Killed Menkaure
  5103 | D:5      | Reached skill level 5 in Stealth
  5109 | D:5      | Noticed Sigmund
  5115 | D:5      | Reached XP level 8. HP: 36/36 MP: 4/13
  5117 | D:5      | Killed Sigmund
  5123 | D:5      | Learned a level 4 spell: Hailstorm
  5732 | D:6      | Reached skill level 1 in Conjurations
  6970 | D:7      | Found Dic Zoul's Assorted Antiques.
  6974 | D:7      | Bought an inky potion for 18 gold pieces
  6974 | D:7      | Bought a fuming cyan potion for 18 gold pieces
  6974 | D:7      | Bought a scroll labelled PEL YVIEDOROBEYT for 20 gold
                  | pieces
  6974 | D:7      | Bought a scroll labelled ZOTE DOLOMAUSH for 20 gold pieces
  6975 | D:7      | You fall into a shaft and drop 2 floors!
  6975 | D:9      | Noticed a rakshasa
  6975 | D:9      | Noticed a deep elf pyromancer
  7024 | D:9      | Killed from afar by a deep elf pyromancer
  7025 | D:9      | Reached XP level 7. HP: -16/33 MP: 6/13
  7079 | D:9      | Reached * piety under Vehumet
  7079 | D:9      | Offered knowledge of Magic Dart by Vehumet.
  7086 | D:9      | Noticed a shadow
  7137 | D:9      | Found a staircase to the Lair.
  7147 | D:10     | Entered Level 10 of the Dungeon
  7357 | D:9      | Found Dix Fint's Magic Scroll Emporium.
  7365 | D:9      | Bought a scroll of teleportation for 36 gold pieces
  7386 | D:8      | Reached XP level 8. HP: 18/36 MP: 3/15
  7616 | D:8      | Reached skill level 5 in Fighting
  8082 | D:8      | Reached XP level 9. HP: 8/40 MP: 4/16
  8434 | D:7      | Found an ornate altar of the Wu Jian Council.
  8443 | D:7      | Found Uddeimm's Antique Armour Boutique.
  8481 | D:7      | Learned a level 3 spell: Stone Arrow
  8999 | D:7      | Reached skill level 1 in Earth Magic
  9213 | D:7      | Found Faadaschy's Assorted Antiques.
  9354 | D:7      | Bought an inky potion for 21 gold pieces
  9354 | D:7      | Bought a scroll labelled VAKLOOW HI DYR for 24 gold pieces
  9448 | D:7      | Reached skill level 5 in Conjurations
  9581 | D:7      | Reached skill level 5 in Spellcasting
 10055 | D:7      | Found Disocsi's Assorted Antiques.
 10064 | D:7      | Bought a scroll labelled ZOTE DOLOMAUSH for 26 gold pieces
 10064 | D:7      | Bought a flickering zirconium amulet for 130 gold pieces
 10064 | D:7      | Identified the amulet of Nudyca {RegenMP +Inv rPois rCorr
                  | Slay+3} (You bought it in a shop on level 7 of the Dungeon)
 10205 | D:7      | Reached skill level 5 in Evocations
 10384 | D:6      | HP: 2/41 [electric eel/bolt of electricity (9)]
 10386 | D:6      | Killed from afar by an electric eel
 10387 | D:6      | Reached XP level 8. HP: -1/38 MP: 19/25
 10406 | D:6      | Reached ** piety under Vehumet
 10484 | D:6      | Offered knowledge of Sandblast by Vehumet.
 10788 | D:6      | Offered knowledge of Conjure Flame by Vehumet.
 10808 | D:6      | Reached XP level 9. HP: 38/41 MP: 17/17
 10976 | D:6      | Reached *** piety under Vehumet
 11578 | D:8      | Identified the +7 whip of the Riding Sybil {flame, rElec
                  | Str+4}
 12018 | D:8      | Identified the +1 ring mail of Analysis {rC+ rN+ Regen+}
 12064 | D:7      | Bought a scroll of identify for 40 gold pieces
 12133 | D:7      | Bought a scroll of identify for 48 gold pieces
 12364 | D:9      | Noticed a two-headed ogre
 12385 | D:9      | HP: 2/41 [orc/+1 vorpal flail (1)]
 12397 | D:9      | HP: 2/41 [two-headed ogre/+0 giant club (28)]
 12398 | D:9      | Killed a two-headed ogre
 12658 | D:9      | Offered knowledge of Sticky Flame by Vehumet.
 13095 | D:9      | Reached XP level 10. HP: 31/45 MP: 14/18
 13206 | D:8      | Noticed a purple ugly thing
 13214 | D:8      | Killed a purple ugly thing
 13316 | D:8      | Noticed a boulder beetle
 13405 | D:9      | Bought a scroll of identify for 24 gold pieces
 13405 | D:9      | Bought a scroll of identify for 24 gold pieces
 13405 | D:9      | Bought a scroll of noise for 12 gold pieces
 13405 | D:9      | Bought 2 scrolls of teleportation for 72 gold pieces
 13738 | D:10     | Reached **** piety under Vehumet
 13964 | D:10     | Noticed a two-headed ogre
 13990 | D:10     | Killed a two-headed ogre
 14726 | D:7      | Bought 2 potions of curing for 156 gold pieces
 14894 | D:11     | Found an ancient bone altar of Kikubaaqudgha.
 15024 | D:11     | Noticed a boulder beetle
 15083 | D:11     | Noticed a toenail golem
 15099 | D:11     | Found a one-way gate to the infinite horrors of the Abyss.
 15099 | D:11     | Noticed robertstho's ghost (journeyman DjIE)
 15100 | D:11     | Noticed a skeletal warrior
 15105 | D:11     | Found a transporter.
 15144 | D:11     | Offered knowledge of Fireball by Vehumet.
 15186 | D:11     | Noticed a boulder beetle
 15202 | D:11     | Killed a boulder beetle
 15203 | D:11     | Reached skill level 10 in Conjurations
 15203 | D:11     | Reached XP level 11. HP: 47/48 MP: 6/19
 15269 | D:11     | Noticed a six-headed hydra
 15278 | D:11     | Killed a six-headed hydra
 15784 | D:11     | Slain by a boulder beetle
 15785 | D:11     | Reached XP level 10. HP: -4/46 MP: 9/18
 15848 | Lair:1   | Entered Level 1 of the Lair of Beasts
 15851 | Lair:1   | Noticed Urug
 15897 | Lair:1   | Reached skill level 5 in Dodging
 16094 | Lair:1   | Noticed a seven-headed hydra
 16098 | Lair:1   | Noticed a cane toad
 16108 | Lair:1   | Killed a seven-headed hydra
 16109 | Lair:1   | Killed a cane toad
 16407 | Lair:1   | Noticed a cane toad
 16459 | Lair:1   | Killed a cane toad
 17081 | Lair:2   | Found a staircase to the Swamp.
 17097 | Lair:2   | Reached XP level 11. HP: 50/50 MP: 6/19
 17250 | Lair:2   | Noticed a dire elephant
 17274 | Lair:2   | Killed a dire elephant
 17275 | Lair:2   | Reached skill level 5 in Unarmed Combat
 17371 | Lair:2   | Reached ***** piety under Vehumet
 17371 | Lair:2   | Offered knowledge of Ozocubu's Refrigeration by Vehumet.
 17529 | Lair:2   | Noticed Sonja
 17530 | Lair:2   | Noticed Sonja
 17530 | Lair:2   | Sonja changed into Sonja the golden eye
 17535 | Lair:2   | Killed Sonja the golden eye
 17552 | Lair:2   | Noticed Amaemon
 17560 | Lair:2   | Killed Amaemon
 18379 | Lair:3   | Gained mutation: Your thick and shaggy fur keeps you warm.
                  | (AC +3, rC+) [Felid growth]
 18379 | Lair:3   | Reached XP level 12. HP: 47/57 MP: 5/21
 18646 | Lair:3   | Reached skill level 5 in Translocations
 18650 | Lair:3   | Noticed a catoblepas
 18971 | Lair:3   | Noticed Fannar
 19412 | Lair:3   | Killed a catoblepas
 19670 | Lair:4   | You fall into a shaft and drop 1 floor!
 20344 | Lair:4   | Reached skill level 5 in Earth Magic
 20648 | Lair:4   | Found a staircase to the Snake Pit.
 21570 | Lair:5   | Reached XP level 13. HP: 51/61 MP: 13/24
 21572 | Lair:5   | Reached skill level 10 in Fighting
 21965 | Lair:6   | Entered Level 6 of the Lair of Beasts
 22045 | Lair:6   | Found the +5 demon whip "Spellbinder" {antimagic, Will+}
 22290 | Lair:6   | Found a staircase to the Slime Pits.
 22680 | Lair:6   | Offered knowledge of Airstrike by Vehumet.
 23512 | Lair:6   | Reached skill level 10 in Ice Magic
 24368 | D:8      | Reached XP level 14. HP: 48/68 MP: 25/25
 25024 | D:11     | Found a transporter.
 25034 | D:11     | Found a transporter.
 25820 | D:12     | Found a staircase to the Orcish Mines.
 25892 | Orc:1    | Entered Level 1 of the Orcish Mines
 26260 | Orc:1    | Offered knowledge of Lightning Bolt by Vehumet.
 26359 | Orc:2    | Entered Level 2 of the Orcish Mines
 26388 | Orc:2    | Noticed Saint Roka
 26606 | D:13     | Found Ure Vaacit's Pet Rocks.
 27843 | D:13     | Noticed a stone giant
 27849 | D:13     | Killed a stone giant
 27854 | D:13     | Found a gate to the Vaults.
 27886 | D:13     | Identified the +0 chain mail of Ceam {+Blink Int+2}
 27984 | D:13     | HP: 1/69 [efreet/bolt of fire (26)]
 27985 | D:13     | Killed from afar by an efreet
 27986 | D:13     | Reached XP level 13. HP: -29/65 MP: 15/25
 28487 | D:13     | Found a portal to a secret trove of treasure.
 29134 | Trove    | Entered a treasure trove
 29284 | D:14     | Identified Roxanne's Tome of Earth
 29284 | D:14     | Noticed Roxanne
 29358 | D:14     | Reached XP level 14. HP: 62/69 MP: 10/26
 29730 | D:14     | Noticed Rupert
 29756 | D:14     | Found a transporter.
 29786 | D:14     | Noticed Ubbem's ghost (journeyman TrMo)
 29798 | D:14     | Noticed Sofadowk's ghost (journeyman MiBe)
 30212 | D:14     | Found a transporter.
 30365 | D:15     | Entered Level 15 of the Dungeon
 30377 | D:15     | Identified the +0 helmet of the Playwright {rC+}
 30824 | Orc:2    | Killed Saint Roka
 30825 | Orc:2    | Reached skill level 10 in Stealth
 31089 | Orc:2    | Found a staircase to the Elven Halls.
 31275 | Orc:1    | Noticed Jorgrun
 31285 | Orc:1    | Killed Jorgrun
 32367 | Orc:2    | HP: 3/66 [orc sorcerer/bolt of fire (35)]
 33261 | Orc:2    | Noticed an orc warlord
 33291 | Orc:2    | Killed an orc warlord
 34375 | Orc:2    | Found Doppis's General Store.
 34376 | Orc:2    | Found Aluodann's Jewellery Shop.
 34378 | Orc:2    | Found Niosk's Antique Armour Boutique.
 34378 | Orc:2    | Found Kid Ase's Antique Weapon Boutique.
 34703 | Lair:1   | Killed Urug
 34987 | Lair:3   | Killed Fannar
 35276 | D:11     | Noticed a tentacled starspawn
 35508 | D:15     | Noticed Louise
 36744 | D:15     | Found a staircase to the Depths.
 37591 | D:15     | Noticed Josephine
 38749 | D:15     | Killed Josephine
 39121 | Snake:1  | Entered Level 1 of the Snake Pit
 39202 | Snake:1  | Reached XP level 15. HP: 73/73 MP: 21/28
 39662 | Snake:1  | Slain by a black mamba

Illustrated notes

Levels and vault maps discovered:
D:1:      dpeg_arrival_arbitrary_c, layout_loops_ring, chequers_jeans
D:2:      layout_loops_cross, uniq_natasha
D:3:      layout_rooms
D:4:      layout_basic, chequers_hall_statues_corner_a
D:5:      black_bear_nest_2, layout_rooms, minmay_temple_entry_glass,
          uniq_menkaure, uniq_sigmund
D:6:      minmay_goblin_kobold_castle, layout_loops_corners
D:7:      kennysheep_six_static_rooms, layout_basic,
          nicolae_wu_jian_wuxing_cycle, serial_shops, nicolae_shop_waterfront,
          shop, shop, nicolae_take_the_stairs, dreamdust_wishing_well
D:8:      minmay_klotski, layout_basic
D:9:      layout_rooms, lair_entry_dummy, special_room [special_room_orc],
          serial_shops, shop_statue
D:10:     layout_roguey, eino_small_chamber_without_monster
D:11:     layout_basic, gammafunk_ghost_abyssal_escape, minivault_26,
          kiku_gazebo_garden_becter
D:12:     layout_rooms, orc_0_dummy
D:13:     cheibrodos_monumental, layout_loops_cross, erik_vaults_2,
          enter_trove_2, guppyfry_shop_earth
D:14:     layout_rooms, nzn_ghost_randoct, uniq_roxanne, uniq_rupert
D:15:     hangedman_depths_entry_try_elsewhere_first, layout_stronghold,
          serial_column_ruins, column_ruins_columns_water,
          column_ruins_open_tiny, column_ruins_columns_straight,
          column_ruins_columns_dead_end, column_ruins_grid_1,
          dreamdust_princess_corridor, uniq_josephine, uniq_louise
Temple:   compressed_dpeg_circular_temple
Lair:1:   layout_cave_pods, uniq_urug
Lair:2:   mu_elephants_graveyard, layout_loops_ring, swamp_mist,
          lemuel_old_faithful, uniq_amaemon, uniq_sonja
Lair:3:   layout_chaotic_city, uniq_fannar
Lair:4:   layout_loops_ring, guppyfry_snake_entry_garden,
          dreamdust_mushroom_princess, lemuel_fruit_fields
Lair:5:   layout_concentric_octagons
Lair:6:   minmay_lair_end_enchanted_forest, layout_misc_corridors,
          minmay_slime_entry_pillars, serial_bayou_shore_b
Snake:1:  layout_misc_corridors, gammafunk_ghost_arena, special_room,
          hangedman_corner_corridor
Orc:1:    layout_diamond_mine, uniq_jorgrun
Orc:2:    st_orc_congregation, layout_diamond_mine, basic_altar, uniq_saint_roka

Skill      XL: |  1  2  3  4  5  6  7  8  9 10 11 12 13 14 |
---------------+-------------------------------------------+-----
Ice Magic      | 4 5 6 8 10 11 | 11.2
Fighting       | 1 2 4 5 6 7 9 11 13 | 13.1
Spellcasting   | 3 4 5 7 8 |  8.7
Dodging        | 3 4 6 |  6.0
Stealth        | 3 5 6 7 8 10 | 10.0
Translocations | 1 2 4 6 |  6.0
Evocations     | 1 2 4 5 6 8 9 |  9.7
Unarmed Combat | 1 3 4 6 7 8 |  8.2
Conjurations   | 4 7 10 12 13 | 13.8
Earth Magic    | 2 3 4 5 6 |  6.0

Action                   |  1- 3 |  4- 6 |  7- 9 | 10-12 | 13-15 || total
-------------------------+-------+-------+-------+-------+-------++-------
Melee: Unarmed           |    11 |    17 |    57 |    94 |   213 ||   392
       Bite              |       |       |     6 |    21 |    32 ||    59
       Punch             |       |       |     1 |     5 |    14 ||    20
 Cast: Freeze            |    35 |    29 |    53 |     1 |     2 ||   120
       Frozen Ramparts   |     6 |    17 |    63 |    70 |   129 ||   285
       Ozocubu's Armour  |       |     9 |    31 |    61 |   114 ||   215
       Hailstorm         |       |       |    17 |    35 |    75 ||   127
       Stone Arrow       |       |       |    70 |   220 |   510 ||   800
       Blink             |       |       |     1 |     1 |     2 ||     4
Evoke: Wand              |       |       |    13 |     4 |    14 ||    31
       Phantom mirror    |       |       |       |     2 |     4 ||     6
       Lightning rod     |       |       |       |       |     7 ||     7
       Tin of tremorston |       |       |       |       |     3 ||     3
       Box of beasts     |       |       |       |       |     1 ||     1
       Phial of floods   |       |       |       |       |     1 ||     1
       Condenser vane    |       |       |       |       |     1 ||     1
  Use: Scroll            |       |    12 |    13 |     7 |     3 ||    35
       Potion            |       |       |     4 |       |     2 ||     6
 Stab: Sleeping          |     8 |     8 |     8 |     9 |    14 ||    47
       Distracted        |       |       |     1 |       |       ||     1
       Paralysed         |       |       |       |       |    10 ||    10
Armor: Skin              |       |     8 |    25 |    62 |   129 ||   224
Dodge: Dodged            |    19 |    46 |   134 |   198 |   361 ||   758

Table legend: (Time is in decaauts)
 A = Elapsed time spent in this place.
 B = Non-inter-level travel time spent in this place.
 C = Inter-level travel time spent in this place.
 D = Time resting spent in this place.
 E = Time spent auto-exploring this place.
 F = Levels seen in this place.
 G = Mean time per level.
                   A        B        C        D        E       F      G
               +--------+--------+--------+--------+--------+-----+--------+
         Total |  35994 |  33108 |   2886 |  10906 |  16615 |  26 | 1384.4 |
       Dungeon |  23625 |  21540 |   2085 |   7257 |  11077 |  15 | 1575.0 |
        Temple |     93 |     60 |     33 |      0 |     44 |   1 |   93.0 |
          Lair |   7574 |   7044 |    530 |   1678 |   3996 |   6 | 1262.3 |
     Snake Pit |    502 |    446 |     56 |    318 |      7 |   1 |  502.0 |
  Orcish Mines |   4153 |   3972 |    181 |   1652 |   1488 |   2 | 2076.5 |
         Trove |     44 |     44 |      0 |      0 |      1 |   1 |   44.0 |
               +--------+--------+--------+--------+--------+-----+--------+

Top non-repeatable levels by time:
    D:15: 2998 daAuts
   Orc:2: 2848 daAuts
     D:7: 2447 daAuts
    D:13: 2223 daAuts
     D:8: 2167 daAuts
     D:6: 2038 daAuts
    D:14: 1728 daAuts
  Lair:6: 1626 daAuts
    D:10: 1614 daAuts
     D:2: 1438 daAuts
     D:9: 1373 daAuts
  Lair:1: 1350 daAuts
   Orc:1: 1305 daAuts
  Lair:3: 1243 daAuts
  Lair:2: 1202 daAuts
